Manchots vs Gangsters
Created - 10 avril 2013 at 23:34
Goals
|
| Manchots |
0 |
3 |
3 |
6 |
| Gangsters |
1 |
2 |
0 |
3 |
|
Shots
|
| Manchots |
8 |
13 |
14 |
35 |
| Gangsters |
17 |
8 |
12 |
37 |
|
1st period
1. Gangsters , Dave Steckel 21 (Alexei Emelin, Cory Murphy) at 15:35
Penalties :
Alexei Emelin (Bro) for Cross-checking (Minor) at 13:30
2nd period
2. Manchots , Jamie Benn 12 (Richard Petiot, Alexander Radulov) at 4:49
3. Manchots , Richard Petiot 3 (Petr Sykora, Bobby Butler) at 11:10
4. Manchots , Logan Couture 14 (Alexander Radulov, Hal Gill) at 11:43
5. Gangsters , Tim Jackman 28 (Valtteri Filppula, Jaroslav Balastik) at 14:05
6. Gangsters , Dave Steckel 22 (Igor Radulov, Matt Read) at 19:44 (PP)
Penalties :
Pernell Karl Subban (Out) for Tripping (Minor) at 2:38, Dave Steckel (Bro) for Interference (Minor) at 6:48, Martin Hanzal (Out) for Roughing (Minor) at 19:05, Jaroslav Balastik (Bro) for Holding (Minor) at 19:51
3rd period
7. Manchots , Wade Belak 26 (Matt Corrente, Cal Clutterbuck) at 10:08
8. Manchots , Martin Hanzal 50 (Petr Sykora) at 15:30
9. Manchots , Wade Belak 27 (Tyler Kennedy, Richard Petiot) at 19:12
Penalties :
Chris Bourque (Bro) for Hooking (Minor) at 6:39, Matt Corrente (Out) for Hooking (Minor) at 11:37, Pernell Karl Subban (Out) for Tripping (Minor) at 19:15
Goalie Stats
Ondrej Pavelec (Out), 34 saves from 37 shots - (0,919), W, 24-9-5, 60:00 minutes
Steve Valiquette (Bro), 29 saves from 35 shots - (0,829), L, 28-13-3, 60:00 minutes
Players Stats for Manchots
Player Name G A P +/- PIM S H SB GA TA FO MP PP MP PK MP
------------------------------------------------------------------------------------
Alexander Radulov 0 2 2 2 0 3 1 0 2 0 1/5 20:44 5:13 0:00
Bobby Butler 0 1 1 2 0 1 2 0 0 0 0/0 16:55 2:33 0:00
Bryan Allen 0 0 0 0 0 0 0 0 1 2 0/0 22:13 5:28 0:00
Cal Clutterbuck 0 1 1 1 0 1 1 0 0 1 0/0 10:28 0:00 0:00
Denis Arkhipov 0 0 0 -1 0 3 0 0 0 1 7/11 10:22 0:13 4:10
Eric Tangradi 0 0 0 -1 0 0 0 0 0 0 0/1 6:09 0:10 0:00
Hal Gill 0 1 1 4 0 1 0 0 0 2 0/0 18:37 0:00 3:19
Jamie Benn 1 0 1 2 0 2 1 0 0 0 0/0 20:44 5:13 0:00
Kris Russell 0 0 0 -1 0 0 0 0 1 0 0/0 15:49 2:28 2:02
Logan Couture 1 0 1 3 0 1 1 0 0 0 10/20 19:06 2:33 0:00
Martin Hanzal 1 0 1 1 2 6 0 2 0 0 17/26 18:29 5:10 0:00
Matt Corrente 0 1 1 3 2 0 1 2 0 0 0/0 16:17 0:00 1:23
Pernell Karl Subban 0 0 0 1 4 0 2 0 1 2 0/0 26:27 5:28 0:55
Petr Sykora 0 2 2 2 0 8 0 1 1 0 0/1 18:29 2:33 1:11
Richard Petiot 1 2 3 1 0 3 1 4 0 0 0/0 20:57 2:28 3:03
Spencer Machacek 0 0 0 -1 0 2 0 0 0 0 0/0 5:49 0:00 0:00
Tyler Kennedy 0 1 1 1 0 0 3 0 0 0 3/6 12:02 0:00 1:11
Wade Belak 2 0 2 1 0 4 1 1 1 0 0/2 14:58 0:10 4:10
Players Stats for Gangsters
Player Name G A P +/- PIM S H SB GA TA FO MP PP MP PK MP
------------------------------------------------------------------------------------
Alexei Emelin 0 1 1 -3 2 1 0 1 0 0 0/0 19:45 1:47 1:55
Artem Anisimov 0 0 0 0 0 1 0 0 1 0 4/5 6:35 0:00 0:06
Byron Ritchie 0 0 0 -3 0 4 1 0 0 0 4/9 13:37 0:00 2:32
Chris Bourque 0 0 0 -3 2 4 3 0 2 0 0/0 13:25 0:00 1:39
Cory Murphy 0 1 1 -2 0 2 1 2 1 1 0/0 27:59 3:34 5:20
Dave Steckel 2 0 2 -1 2 4 2 1 0 1 2/9 16:21 1:35 1:03
Igor Radulov 0 1 1 -1 0 3 1 0 0 0 0/1 15:14 1:35 0:22
Jaroslav Balastik 0 1 1 0 2 5 3 0 2 0 1/2 22:48 3:46 3:14
Jim Vandermeer 0 0 0 1 0 0 2 0 0 0 0/0 12:17 0:00 0:41
Matt Read 0 1 1 -1 0 1 2 0 0 1 0/0 14:53 1:35 0:00
Mike Commodore 0 0 0 -3 0 0 1 3 1 0 0/0 20:37 1:47 2:46
Mikko Lehtonen 0 0 0 0 0 0 1 0 0 0 0/0 6:03 0:00 0:00
Nick Foligno 0 0 0 0 0 0 0 0 1 0 0/0 8:31 0:00 2:26
Ryan Keller 0 0 0 -3 0 3 0 1 0 1 0/0 11:05 0:00 0:00
Staffan Kronwall 0 0 0 -2 0 1 2 0 0 3 0/0 27:47 3:34 5:10
Tim Jackman 1 0 1 0 0 4 0 0 0 0 0/0 19:21 3:46 0:00
Valtteri Filppula 0 1 1 0 0 3 4 1 0 0 23/46 24:05 3:46 4:30
Ville Koistinen 0 0 0 1 0 1 0 1 0 0 0/0 11:36 0:00 0:00
3 Stars
1 - Richard Petiot (Out)
2 - Wade Belak (Out)
3 - Logan Couture (Out)
Power Play
Manchots - 0 on 4 Attempt(s) - 0,00%
Gangsters - 1 on 3 Attempt(s) - 33,33%
Penalty Kill
Manchots - 2 on 3 Attempt(s) - 66,67%
- Score 0 goal in Penalty Kill
Gangsters - 4 on 4 Attempt(s) - 100,00%
- Score 0 goal in Penalty Kill
Official
Referees : Lee Chris and Martell Rob
Linesman : Brian Murphy and Mike Cvik
Game Notes
19:05 of 2nd period - Penalty Shot by Alexei Emelin for Gangsters - Shot Misses the Net
Manchots
5 vs 5 Forward
Center Left Wing Right Wing Time % Phy DF OF
1 Logan Couture Jamie Benn Alexander Radulov 38 0 1 4
2 Martin Hanzal Bobby Butler Petr Sykora 37 0 1 4
3 Tyler Kennedy Cal Clutterbuck Wade Belak 18 0 1 4
4 Denis Arkhipov Eric Tangradi Spencer Machacek 7 1 1 3
5 vs 5 Defense
Defense Defense Time % Phy DF OF
1 Pernell Karl Subban Bryan Allen 40 1 1 3
2 Matt Corrente Hal Gill 30 1 2 2
3 Kris Russell Richard Petiot 17 1 2 2
4 Richard Petiot Pernell Karl Subban 13 1 1 3
PowerPlay Forward
Center Left Wing Right Wing Time % Phy DF OF
1 Martin Hanzal Jamie Benn Alexander Radulov 60 0 1 4
2 Logan Couture Bobby Butler Petr Sykora 40 0 1 4
PowerPlay Defense
Defense Defense Time % Phy DF OF
1 Bryan Allen Pernell Karl Subban 60 1 1 3
2 Richard Petiot Kris Russell 40 1 1 3
Penalty Kill 4 Players Forward
Center Wing Time % Phy DF OF
1 Denis Arkhipov Wade Belak 60 1 3 1
2 Tyler Kennedy Petr Sykora 40 1 3 1
Penalty Kill 4 Players Defense
Defense Defense Time % Phy DF OF
1 Hal Gill Richard Petiot 60 1 3 1
2 Matt Corrente Kris Russell 40 1 3 1
Penalty Kill - 3 Players Forward
Forward Time % Phy DF OF
1 Wade Belak 60 1 3 1
2 Tyler Kennedy 40 1 3 1
Penalty Kill - 3 Players Defense
Defense Defense Time % Phy DF OF
1 Kris Russell Matt Corrente 60 1 3 1
2 Richard Petiot Hal Gill 40 1 3 1
4 vs 4 Forward
Center Wing Time % Phy DF OF
1 Logan Couture Alexander Radulov 60 0 1 4
2 Martin Hanzal Jamie Benn 40 1 1 3
4 vs 4 Defense
Defense Defense Time % Phy DF OF
1 Pernell Karl Subban Bryan Allen 60 1 1 3
2 Kris Russell Richard Petiot 40 1 1 3
Last Minutes Offensive
Center Left Wing Right Wing Defense Defense
Martin Hanzal Jamie Benn Petr Sykora Bryan Allen Pernell Karl Subban
Last Minutes Defensive
Center Left Wing Right Wing Defense Defense
Denis Arkhipov Bobby Butler Wade Belak Richard Petiot Matt Corrente
Goaltenders
Starting : Ondrej Pavelec
Backup : Sebastien Caron
Extra Forwards
Normal : Martin Hanzal, Alexander Radulov, Jamie Benn - PP : Petr Sykora, Alexander Radulov - PK : Denis Arkhipov
Extra Defensemen
Normal : Matt Corrente, Pernell Karl Subban, Kris Russell - PP : Pernell Karl Subban - PK : Hal Gill, Matt Corrente
Penalty Shots
Alexander Radulov, Martin Hanzal, Petr Sykora, Bobby Butler, Jamie Benn
Gangsters
5 vs 5 Forward
Center Left Wing Right Wing Time % Phy DF OF
1 Valtteri Filppula Jaroslav Balastik Tim Jackman 40 1 2 2
2 Dave Steckel Igor Radulov Matt Read 30 1 2 2
3 Byron Ritchie Chris Bourque Ryan Keller 20 1 2 2
4 Artem Anisimov Nick Foligno Mikko Lehtonen 10 1 2 2
5 vs 5 Defense
Defense Defense Time % Phy DF OF
1 Cory Murphy Staffan Kronwall 40 1 2 2
2 Mike Commodore Alexei Emelin 30 1 2 2
3 Ville Koistinen Jim Vandermeer 20 1 2 2
4 Cory Murphy Staffan Kronwall 10 1 2 2
PowerPlay Forward
Center Left Wing Right Wing Time % Phy DF OF
1 Valtteri Filppula Jaroslav Balastik Tim Jackman 60 1 2 2
2 Dave Steckel Igor Radulov Matt Read 40 1 2 2
PowerPlay Defense
Defense Defense Time % Phy DF OF
1 Cory Murphy Staffan Kronwall 60 1 2 2
2 Mike Commodore Alexei Emelin 40 1 2 2
Penalty Kill 4 Players Forward
Center Wing Time % Phy DF OF
1 Valtteri Filppula Jaroslav Balastik 60 1 2 2
2 Dave Steckel Byron Ritchie 40 1 2 2
Penalty Kill 4 Players Defense
Defense Defense Time % Phy DF OF
1 Cory Murphy Staffan Kronwall 60 1 2 2
2 Mike Commodore Alexei Emelin 40 1 2 2
Penalty Kill - 3 Players Forward
Forward Time % Phy DF OF
1 Valtteri Filppula 60 1 2 2
2 Jaroslav Balastik 40 1 2 2
Penalty Kill - 3 Players Defense
Defense Defense Time % Phy DF OF
1 Cory Murphy Staffan Kronwall 60 1 2 2
2 Mike Commodore Alexei Emelin 40 1 2 2
4 vs 4 Forward
Center Wing Time % Phy DF OF
1 Valtteri Filppula Jaroslav Balastik 60 1 2 2
2 Dave Steckel Byron Ritchie 40 1 2 2
4 vs 4 Defense
Defense Defense Time % Phy DF OF
1 Cory Murphy Staffan Kronwall 60 1 2 2
2 Mike Commodore Alexei Emelin 40 1 2 2
Last Minutes Offensive
Center Left Wing Right Wing Defense Defense
Valtteri Filppula Jaroslav Balastik Tim Jackman Cory Murphy Staffan Kronwall
Last Minutes Defensive
Center Left Wing Right Wing Defense Defense
Valtteri Filppula Jaroslav Balastik Tim Jackman Cory Murphy Staffan Kronwall
Goaltenders
Starting : Steve Valiquette
Backup : David LeNeveu
Extra Forwards
Normal : Chris Bourque, Ryan Keller, Nick Foligno - PP : Chris Bourque, Ryan Keller - PK : Nick Foligno
Extra Defensemen
Normal : Ville Koistinen, Jim Vandermeer, Mike Commodore - PP : Ville Koistinen - PK : Jim Vandermeer, Mike Commodore
Penalty Shots
Valtteri Filppula, Jaroslav Balastik, Dave Steckel, Byron Ritchie, Tim Jackman
% Time on Ice - Manchots
Lines # - Real PCT - Wanted PCT - Time Play
Normal Forward
1 - 34% - 38% - 15:41
2 - 32% - 37% - 14:45
3 - 22% - 18% - 10:28
4 - 12% - 7% - 5:49
Normal Defense
1 - 37% - 40% - 17:31
2 - 33% - 30% - 15:33
3 - 22% - 17% - 10:18
4 - 7% - 13% - 3:21
PP Forward
1 - 68% - 60% - 5:23
2 - 32% - 40% - 2:33
PP Defense
1 - 69% - 60% - 5:28
2 - 31% - 40% - 2:28
PK Forward
1 - 78% - 60% - 4:10
2 - 22% - 40% - 1:11
PK Defense
1 - 62% - 60% - 3:19
2 - 38% - 40% - 2:02
PK3 Forward
1 - 0% - 60%
2 - 0% - 40%
PK3 Defense
1 - 0% - 60%
2 - 0% - 40%
44 Forward
1 - 0% - 60%
2 - 0% - 40%
44 Defense
1 - 0% - 60%
2 - 0% - 40%
Last Minute Offensive - 0:00
Last Minute Defensive - 0:00
Total
Forward - 60:00
Defense - 60:00
|
% Time on Ice - Gangsters
Lines # - Real PCT - Wanted PCT - Time Play
Normal Forward
1 - 35% - 40% - 16:17
2 - 28% - 30% - 13:18
3 - 24% - 20% - 11:05
4 - 13% - 10% - 6:03
Normal Defense
1 - 38% - 40% - 17:46
2 - 34% - 30% - 16:04
3 - 25% - 20% - 11:36
4 - 3% - 10% - 1:17
PP Forward
1 - 70% - 60% - 3:46
2 - 30% - 40% - 1:35
PP Defense
1 - 67% - 60% - 3:34
2 - 33% - 40% - 1:47
PK Forward
1 - 79% - 60% - 6:18
2 - 21% - 40% - 1:38
PK Defense
1 - 65% - 60% - 5:10
2 - 35% - 40% - 2:46
PK3 Forward
1 - 0% - 60%
2 - 0% - 40%
PK3 Defense
1 - 0% - 60%
2 - 0% - 40%
44 Forward
1 - 0% - 60%
2 - 0% - 40%
44 Defense
1 - 0% - 60%
2 - 0% - 40%
Last Minute Offensive - 0:00
Last Minute Defensive - 0:00
Total
Forward - 60:00
Defense - 60:00
|
Play by Play
1st period
0:01 of 1st period - Logan Couture wins face-off versus Valtteri Filppula in neutral zone.
0:04 of 1st period - Slapshot by Alexander Radulov.
0:04 of 1st period - Stopped by Steve Valiquette with a rebound.
0:06 of 1st period - Snap shot by Alexander Radulov.
0:06 of 1st period - Stopped by Steve Valiquette with a rebound.
0:36 of 1st period - Hal Gill is hit by Igor Radulov.
0:47 of 1st period - Icing by Byron Ritchie.
0:48 of 1st period - Byron Ritchie wins face-off versus Tyler Kennedy in Gangsters zone.
1:01 of 1st period - Wrist shot by Tyler Kennedy.
1:01 of 1st period - Shot Misses the Net.
1:10 of 1st period - Icing by Cory Murphy.
1:11 of 1st period - Byron Ritchie wins face-off versus Logan Couture in Gangsters zone.
1:18 of 1st period - Snap shot by Jaroslav Balastik.
1:18 of 1st period - Shot Misses the Net.
1:36 of 1st period - Alexei Emelin is hit by Pernell Karl Subban and loses puck.
1:42 of 1st period - Icing by Artem Anisimov.
1:43 of 1st period - Denis Arkhipov wins face-off versus Artem Anisimov in Gangsters zone.
1:46 of 1st period - Snap shot by Denis Arkhipov.
1:46 of 1st period - Deflect By Eric Tangradi.
1:46 of 1st period - Shot Misses the Net.
1:46 of 1st period - Puck is out of play.
1:47 of 1st period - Denis Arkhipov wins face-off versus Dave Steckel in Gangsters zone.
1:58 of 1st period - Wrist shot by Denis Arkhipov.
1:58 of 1st period - Stopped by Steve Valiquette without a rebound.
1:59 of 1st period - Martin Hanzal wins face-off versus Valtteri Filppula in Gangsters zone.
2:00 of 1st period - Snap shot by Petr Sykora.
2:00 of 1st period - Deflect By Martin Hanzal.
2:00 of 1st period - Shot Blocked by Valtteri Filppula.
2:00 of 1st period - Puck is out of play.
2:01 of 1st period - Valtteri Filppula wins face-off versus Martin Hanzal in Gangsters zone.
2:06 of 1st period - Wrist shot by Jaroslav Balastik.
2:06 of 1st period - Stopped by Ondrej Pavelec without a rebound.
2:07 of 1st period - Martin Hanzal wins face-off versus Valtteri Filppula in Manchots zone.
2:38 of 1st period - Wrist shot by Igor Radulov.
2:38 of 1st period - Stopped by Ondrej Pavelec without a rebound.
2:39 of 1st period - Byron Ritchie wins face-off versus Tyler Kennedy in Manchots zone.
2:56 of 1st period - Cory Murphy is hit by Tyler Kennedy and loses puck.
3:40 of 1st period - Snap shot by Martin Hanzal.
3:40 of 1st period - Shot Misses the Net.
3:50 of 1st period - Snap shot by Valtteri Filppula.
3:50 of 1st period - Shot Misses the Net.
4:17 of 1st period - Wrist shot by Ryan Keller.
4:17 of 1st period - Stopped by Ondrej Pavelec with a rebound.
4:19 of 1st period - Slapshot by Ville Koistinen.
4:19 of 1st period - Stopped by Ondrej Pavelec with a rebound.
4:21 of 1st period - Wrist shot by Jim Vandermeer.
4:21 of 1st period - Shot Blocked by Wade Belak.
5:33 of 1st period - Wrist shot by Jamie Benn.
5:33 of 1st period - Shot Misses the Net.
5:39 of 1st period - Slapshot by Cory Murphy.
5:39 of 1st period - Shot Misses the Net.
5:55 of 1st period - Snap shot by Matt Read.
5:55 of 1st period - Deflect By Dave Steckel.
5:55 of 1st period - Shot Misses the Net.
5:55 of 1st period - Puck is out of play.
5:56 of 1st period - Martin Hanzal wins face-off versus Valtteri Filppula in Manchots zone.
6:07 of 1st period - Snap shot by Jaroslav Balastik.
6:07 of 1st period - Shot Misses the Net.
6:09 of 1st period - Snap shot by Tim Jackman.
6:09 of 1st period - Shot Misses the Net.
6:25 of 1st period - Wrist shot by Chris Bourque.
6:25 of 1st period - Shot Misses the Net.
6:27 of 1st period - Slapshot by Chris Bourque.
6:27 of 1st period - Shot Misses the Net.
6:29 of 1st period - Backhand shot by Alexei Emelin.
6:29 of 1st period - Shot Blocked by Richard Petiot.
6:33 of 1st period - Wrist shot by Chris Bourque.
6:33 of 1st period - Stopped by Ondrej Pavelec without a rebound.
6:34 of 1st period - Valtteri Filppula wins face-off versus Logan Couture in Manchots zone.
6:35 of 1st period - Wrist shot by Jaroslav Balastik.
6:35 of 1st period - Deflect By Hal Gill.
6:35 of 1st period - Stopped by Ondrej Pavelec without a rebound.
6:36 of 1st period - Logan Couture wins face-off versus Valtteri Filppula in Manchots zone.
6:51 of 1st period - Slapshot by Tim Jackman.
6:51 of 1st period - Stopped by Ondrej Pavelec with a rebound.
7:11 of 1st period - Wrist shot by Igor Radulov.
7:11 of 1st period - Stopped by Ondrej Pavelec with a rebound.
7:40 of 1st period - Matt Corrente is hit by Byron Ritchie and loses puck.
9:22 of 1st period - Tim Jackman is hit by Jamie Benn and loses puck.
9:35 of 1st period - Snap shot by Dave Steckel.
9:35 of 1st period - Shot Blocked by Richard Petiot.
9:57 of 1st period - Wrist shot by Jamie Benn.
9:57 of 1st period - Deflect By Alexander Radulov.
9:57 of 1st period - Shot Misses the Net.
9:57 of 1st period - Puck is out of play.
9:58 of 1st period - Valtteri Filppula wins face-off versus Martin Hanzal in Gangsters zone.
10:09 of 1st period - Wrist shot by Valtteri Filppula.
10:09 of 1st period - Stopped by Ondrej Pavelec without a rebound.
10:10 of 1st period - Valtteri Filppula wins face-off versus Martin Hanzal in Manchots zone.
10:13 of 1st period - Snap shot by Valtteri Filppula.
10:13 of 1st period - Shot Misses the Net.
10:15 of 1st period - Slapshot by Cory Murphy.
10:15 of 1st period - Stopped by Ondrej Pavelec with a rebound.
11:04 of 1st period - Snap shot by Byron Ritchie.
11:04 of 1st period - Stopped by Ondrej Pavelec with a rebound.
11:16 of 1st period - Slapshot by Alexander Radulov.
11:16 of 1st period - Shot Misses the Net.
11:22 of 1st period - Wrist shot by Chris Bourque.
11:22 of 1st period - Stopped by Ondrej Pavelec with a rebound.
11:43 of 1st period - Petr Sykora is hit by Jaroslav Balastik and loses puck.
12:27 of 1st period - Snap shot by Artem Anisimov.
12:27 of 1st period - Stopped by Ondrej Pavelec with a rebound.
12:46 of 1st period - Icing by Staffan Kronwall.
12:47 of 1st period - Martin Hanzal wins face-off versus Valtteri Filppula in Gangsters zone.
12:48 of 1st period - Wrist shot by Petr Sykora.
12:48 of 1st period - Stopped by Steve Valiquette with a rebound.
12:58 of 1st period - Wrist shot by Jaroslav Balastik.
12:58 of 1st period - Stopped by Ondrej Pavelec without a rebound.
12:59 of 1st period - Dave Steckel wins face-off versus Alexander Radulov in Manchots zone.
13:00 of 1st period - Snap shot by Igor Radulov.
13:00 of 1st period - Stopped by Ondrej Pavelec with a rebound.
13:30 of 1st period - Minor Penalty to Alexei Emelin for Cross-checking.
13:31 of 1st period - Martin Hanzal wins face-off versus Valtteri Filppula in Gangsters zone.
13:38 of 1st period - Slapshot by Martin Hanzal.
13:38 of 1st period - Stopped by Steve Valiquette without a rebound.
13:39 of 1st period - Valtteri Filppula wins face-off versus Alexander Radulov in Gangsters zone.
14:13 of 1st period - Snap shot by Petr Sykora.
14:13 of 1st period - Stopped by Steve Valiquette with a rebound.
15:30 of 1st period - Penalty to Alexei Emelin is over, Alexei Emelin is back on ice.
15:35 of 1st period - Snap shot by Dave Steckel.
15:35 of 1st period - Goal by Dave Steckel - Manchots : 0 - Gangsters : 1.
15:36 of 1st period - Tyler Kennedy wins face-off versus Dave Steckel in neutral zone.
16:08 of 1st period - Snap shot by Chris Bourque.
16:08 of 1st period - Shot Misses the Net.
16:26 of 1st period - Bryan Allen is hit by Valtteri Filppula.
17:05 of 1st period - Dave Steckel is hit by Bobby Butler and loses puck.
17:32 of 1st period - Wrist shot by Chris Bourque.
17:32 of 1st period - Stopped by Ondrej Pavelec with a rebound.
17:34 of 1st period - Wrist shot by Chris Bourque.
17:34 of 1st period - Shot Misses the Net.
18:02 of 1st period - Off-side.
18:03 of 1st period - Artem Anisimov wins face-off versus Martin Hanzal in neutral zone.
18:06 of 1st period - Petr Sykora is hit by Mikko Lehtonen.
18:32 of 1st period - Off-side.
18:33 of 1st period - Valtteri Filppula wins face-off versus Logan Couture in neutral zone.
18:43 of 1st period - Icing by Matt Corrente.
18:44 of 1st period - Logan Couture wins face-off versus Valtteri Filppula in Manchots zone.
19:14 of 1st period - Snap shot by Petr Sykora.
19:14 of 1st period - Shot Misses the Net.
19:16 of 1st period - Slapshot by Hal Gill.
19:16 of 1st period - Stopped by Steve Valiquette without a rebound.
19:17 of 1st period - Martin Hanzal wins face-off versus Dave Steckel in Gangsters zone.
19:50 of 1st period - Slapshot by Martin Hanzal.
19:50 of 1st period - Stopped by Steve Valiquette without a rebound.
19:51 of 1st period - Logan Couture wins face-off versus Dave Steckel in Gangsters zone.
19:52 of 1st period - Wrist shot by Alexander Radulov.
19:52 of 1st period - Shot Misses the Net.
2nd period
0:01 of 2nd period - Valtteri Filppula wins face-off versus Logan Couture in neutral zone.
0:14 of 2nd period - Slapshot by Jaroslav Balastik.
0:14 of 2nd period - Shot Misses the Net.
0:16 of 2nd period - Slapshot by Jaroslav Balastik.
0:16 of 2nd period - Shot Blocked by Richard Petiot.
0:54 of 2nd period - Snap shot by Byron Ritchie.
0:54 of 2nd period - Stopped by Ondrej Pavelec with a rebound.
0:56 of 2nd period - Wrist shot by Chris Bourque.
0:56 of 2nd period - Stopped by Ondrej Pavelec without a rebound.
0:57 of 2nd period - Valtteri Filppula wins face-off versus Logan Couture in Manchots zone.
1:13 of 2nd period - Off-side.
1:14 of 2nd period - Martin Hanzal wins face-off versus Dave Steckel in neutral zone.
1:14 of 2nd period - Martin Hanzal is hit by Mike Commodore.
1:18 of 2nd period - Alexei Emelin is hit by Bobby Butler and loses puck.
1:39 of 2nd period - Alexei Emelin is hit by Logan Couture and loses puck.
1:46 of 2nd period - Bryan Allen is hit by Jaroslav Balastik.
2:16 of 2nd period - Bryan Allen is hit by Jim Vandermeer and loses puck.
2:27 of 2nd period - Snap shot by Martin Hanzal.
2:27 of 2nd period - Shot Misses the Net.
2:35 of 2nd period - Slapshot by Petr Sykora.
2:35 of 2nd period - Shot Misses the Net.
2:38 of 2nd period - Minor Penalty to Pernell Karl Subban for Tripping.
2:39 of 2nd period - Valtteri Filppula wins face-off versus Denis Arkhipov in Manchots zone.
2:40 of 2nd period - Wrist shot by Jaroslav Balastik.
2:40 of 2nd period - Stopped by Ondrej Pavelec with a rebound.
2:52 of 2nd period - Slapshot by Cory Murphy.
2:52 of 2nd period - Deflect By Valtteri Filppula.
2:52 of 2nd period - Shot Blocked by Richard Petiot.
2:52 of 2nd period - Puck is out of play.
2:53 of 2nd period - Denis Arkhipov wins face-off versus Valtteri Filppula in Manchots zone.
3:44 of 2nd period - Slapshot by Petr Sykora.
3:44 of 2nd period - Stopped by Steve Valiquette without a rebound.
3:45 of 2nd period - Valtteri Filppula wins face-off versus Petr Sykora in Gangsters zone.
4:15 of 2nd period - Slapshot by Matt Read.
4:15 of 2nd period - Stopped by Ondrej Pavelec with a rebound.
4:17 of 2nd period - Slapshot by Mike Commodore.
4:17 of 2nd period - Shot Misses the Net.
4:38 of 2nd period - Penalty to Pernell Karl Subban is over, Pernell Karl Subban is back on ice.
4:45 of 2nd period - Snap shot by Alexander Radulov.
4:45 of 2nd period - Stopped by Steve Valiquette with a rebound.
4:47 of 2nd period - Slapshot by Richard Petiot.
4:47 of 2nd period - Shot Blocked by Cory Murphy.
4:49 of 2nd period - Slapshot by Richard Petiot.
4:49 of 2nd period - Deflect By Jamie Benn.
4:49 of 2nd period - Goal by Jamie Benn - Manchots : 1 - Gangsters : 1.
4:50 of 2nd period - Valtteri Filppula wins face-off versus Logan Couture in neutral zone.
5:25 of 2nd period - Icing by Hal Gill.
5:26 of 2nd period - Martin Hanzal wins face-off versus Valtteri Filppula in Manchots zone.
5:26 of 2nd period - Martin Hanzal is hit by Valtteri Filppula.
5:38 of 2nd period - Wrist shot by Valtteri Filppula.
5:38 of 2nd period - Shot Misses the Net.
5:40 of 2nd period - Snap shot by Valtteri Filppula.
5:40 of 2nd period - Shot Blocked by Matt Corrente.
5:42 of 2nd period - Wrist shot by Valtteri Filppula.
5:42 of 2nd period - Shot Misses the Net.
5:52 of 2nd period - Matt Corrente is hit by Dave Steckel and loses puck.
6:01 of 2nd period - Snap shot by Dave Steckel.
6:01 of 2nd period - Deflect By Igor Radulov.
6:01 of 2nd period - Deflect By Logan Couture.
6:01 of 2nd period - Shot Misses the Net.
6:01 of 2nd period - Puck is out of play.
6:02 of 2nd period - Logan Couture wins face-off versus Valtteri Filppula in Manchots zone.
6:29 of 2nd period - Bobby Butler is hit by Dave Steckel.
6:48 of 2nd period - Minor Penalty to Dave Steckel for Interference.
6:49 of 2nd period - Valtteri Filppula wins face-off versus Martin Hanzal in Gangsters zone.
7:03 of 2nd period - Icing by Alexander Radulov.
7:04 of 2nd period - Martin Hanzal wins face-off versus Jaroslav Balastik in Manchots zone.
7:04 of 2nd period - Martin Hanzal is hit by Valtteri Filppula.
8:48 of 2nd period - Penalty to Dave Steckel is over, Dave Steckel is back on ice.
8:57 of 2nd period - Pernell Karl Subban is hit by Chris Bourque and loses puck.
10:41 of 2nd period - Icing by Mike Commodore.
10:42 of 2nd period - Logan Couture wins face-off versus Byron Ritchie in Gangsters zone.
10:52 of 2nd period - Snap shot by Logan Couture.
10:52 of 2nd period - Shot Misses the Net.
10:54 of 2nd period - Wrist shot by Petr Sykora.
10:54 of 2nd period - Shot Blocked by Mike Commodore.
10:56 of 2nd period - Snap shot by Petr Sykora.
10:56 of 2nd period - Shot Blocked by Mike Commodore.
10:58 of 2nd period - Backhand shot by Kris Russell.
10:58 of 2nd period - Deflect By Petr Sykora.
10:58 of 2nd period - Stopped by Steve Valiquette with a rebound.
11:08 of 2nd period - Wrist shot by Petr Sykora.
11:08 of 2nd period - Shot Misses the Net.
11:10 of 2nd period - Slapshot by Richard Petiot.
11:10 of 2nd period - Goal by Richard Petiot - Manchots : 2 - Gangsters : 1.
11:11 of 2nd period - Martin Hanzal wins face-off versus Valtteri Filppula in neutral zone.
11:26 of 2nd period - Snap shot by Jaroslav Balastik.
11:26 of 2nd period - Deflect By Tim Jackman.
11:26 of 2nd period - Stopped by Ondrej Pavelec with a rebound.
11:36 of 2nd period - Dave Steckel is hit by Matt Corrente and loses puck.
11:43 of 2nd period - Snap shot by Logan Couture.
11:43 of 2nd period - Goal by Logan Couture - Manchots : 3 - Gangsters : 1.
11:44 of 2nd period - Logan Couture wins face-off versus Valtteri Filppula in neutral zone.
12:22 of 2nd period - Snap shot by Alexander Radulov.
12:22 of 2nd period - Shot Misses the Net.
12:40 of 2nd period - Slapshot by Martin Hanzal.
12:40 of 2nd period - Stopped by Steve Valiquette with a rebound.
12:42 of 2nd period - Snap shot by Petr Sykora.
12:42 of 2nd period - Stopped by Steve Valiquette with a rebound.
12:44 of 2nd period - Slapshot by Hal Gill.
12:44 of 2nd period - Shot Misses the Net.
12:46 of 2nd period - Wrist shot by Petr Sykora.
12:46 of 2nd period - Stopped by Steve Valiquette with a rebound.
12:48 of 2nd period - Snap shot by Martin Hanzal.
12:48 of 2nd period - Stopped by Steve Valiquette without a rebound.
12:49 of 2nd period - Tyler Kennedy wins face-off versus Valtteri Filppula in Gangsters zone.
13:51 of 2nd period - Wrist shot by Petr Sykora.
13:51 of 2nd period - Stopped by Steve Valiquette with a rebound.
14:03 of 2nd period - Snap shot by Valtteri Filppula.
14:03 of 2nd period - Shot Misses the Net.
14:05 of 2nd period - Wrist shot by Tim Jackman.
14:05 of 2nd period - Goal by Tim Jackman - Manchots : 3 - Gangsters : 2.
14:06 of 2nd period - Valtteri Filppula wins face-off versus Logan Couture in neutral zone.
14:19 of 2nd period - Snap shot by Logan Couture.
14:19 of 2nd period - Shot Misses the Net.
14:33 of 2nd period - Igor Radulov is hit by Richard Petiot and loses puck.
14:39 of 2nd period - Off-side.
14:40 of 2nd period - Martin Hanzal wins face-off versus Valtteri Filppula in neutral zone.
15:30 of 2nd period - Slapshot by Staffan Kronwall.
15:30 of 2nd period - Stopped by Ondrej Pavelec without a rebound.
15:31 of 2nd period - Martin Hanzal wins face-off versus Byron Ritchie in Manchots zone.
15:31 of 2nd period - Martin Hanzal is hit by Jim Vandermeer.
15:39 of 2nd period - Snap shot by Martin Hanzal.
15:39 of 2nd period - Stopped by Steve Valiquette with a rebound.
16:17 of 2nd period - Wade Belak is hit by Cory Murphy and loses puck.
17:37 of 2nd period - Igor Radulov is hit by Cal Clutterbuck and loses puck.
18:12 of 2nd period - Staffan Kronwall is hit by Alexander Radulov and loses puck.
18:50 of 2nd period - Slapshot by Richard Petiot.
18:50 of 2nd period - Stopped by Steve Valiquette with a rebound.
19:05 of 2nd period - Penalty Shot by Alexei Emelin for Gangsters.
19:05 of 2nd period - Deke by Alexei Emelin.
19:05 of 2nd period - Shot Misses the Net.
19:05 of 2nd period - Minor Penalty to Martin Hanzal for Roughing.
19:06 of 2nd period - Valtteri Filppula wins face-off versus Wade Belak in Gangsters zone.
19:44 of 2nd period - Snap shot by Dave Steckel.
19:44 of 2nd period - Goal by Dave Steckel - Manchots : 3 - Gangsters : 3.
19:45 of 2nd period - Logan Couture wins face-off versus Valtteri Filppula in neutral zone.
19:51 of 2nd period - Minor Penalty to Jaroslav Balastik for Holding.
19:52 of 2nd period - Valtteri Filppula wins face-off versus Martin Hanzal in Gangsters zone.
3rd period
0:01 of 3rd period - Valtteri Filppula wins face-off versus Martin Hanzal in neutral zone.
0:14 of 3rd period - Slapshot by Martin Hanzal.
0:14 of 3rd period - Shot Misses the Net.
0:30 of 3rd period - Snap shot by Petr Sykora.
0:30 of 3rd period - Deflect By Bobby Butler.
0:30 of 3rd period - Stopped by Steve Valiquette with a rebound.
0:42 of 3rd period - Snap shot by Byron Ritchie.
0:42 of 3rd period - Stopped by Ondrej Pavelec without a rebound.
0:43 of 3rd period - Martin Hanzal wins face-off versus Byron Ritchie in Manchots zone.
1:51 of 3rd period - Penalty to Jaroslav Balastik is over, Jaroslav Balastik is back on ice.
2:42 of 3rd period - Martin Hanzal is hit by Jaroslav Balastik and loses puck.
2:57 of 3rd period - Slapshot by Alexander Radulov.
2:57 of 3rd period - Deflect By Jamie Benn.
2:57 of 3rd period - Stopped by Steve Valiquette with a rebound.
2:59 of 3rd period - Snap shot by Alexander Radulov.
2:59 of 3rd period - Shot Blocked by Ryan Keller.
3:19 of 3rd period - Wrist shot by Dave Steckel.
3:19 of 3rd period - Stopped by Ondrej Pavelec without a rebound.
3:20 of 3rd period - Martin Hanzal wins face-off versus Dave Steckel in Manchots zone.
3:45 of 3rd period - Jaroslav Balastik is hit by Tyler Kennedy and loses puck.
4:18 of 3rd period - Denis Arkhipov is hit by Chris Bourque and loses puck.
4:43 of 3rd period - Snap shot by Igor Radulov.
4:43 of 3rd period - Shot Blocked by Matt Corrente.
4:55 of 3rd period - Wrist shot by Martin Hanzal.
4:55 of 3rd period - Deflect By Petr Sykora.
4:55 of 3rd period - Stopped by Steve Valiquette without a rebound.
4:56 of 3rd period - Jaroslav Balastik wins face-off versus Martin Hanzal in Gangsters zone.
5:03 of 3rd period - Slapshot by Mike Commodore.
5:03 of 3rd period - Shot Misses the Net.
5:39 of 3rd period - Icing by Logan Couture.
5:40 of 3rd period - Alexander Radulov wins face-off versus Dave Steckel in Manchots zone.
6:07 of 3rd period - Snap shot by Ryan Keller.
6:07 of 3rd period - Stopped by Ondrej Pavelec without a rebound.
6:08 of 3rd period - Martin Hanzal wins face-off versus Byron Ritchie in Manchots zone.
6:15 of 3rd period - Martin Hanzal is hit by Chris Bourque and loses puck.
6:20 of 3rd period - Wrist shot by Byron Ritchie.
6:20 of 3rd period - Stopped by Ondrej Pavelec with a rebound.
6:22 of 3rd period - Slapshot by Mike Commodore.
6:22 of 3rd period - Shot Blocked by Martin Hanzal.
6:24 of 3rd period - Wrist shot by Chris Bourque.
6:24 of 3rd period - Shot Blocked by Martin Hanzal.
6:26 of 3rd period - Wrist shot by Ryan Keller.
6:26 of 3rd period - Stopped by Ondrej Pavelec with a rebound.
6:28 of 3rd period - Slapshot by Alexei Emelin.
6:28 of 3rd period - Shot Blocked by Petr Sykora.
6:39 of 3rd period - Minor Penalty to Chris Bourque for Hooking.
6:40 of 3rd period - Valtteri Filppula wins face-off versus Martin Hanzal in Gangsters zone.
8:39 of 3rd period - Penalty to Chris Bourque is over, Chris Bourque is back on ice.
8:48 of 3rd period - Slapshot by Jaroslav Balastik.
8:48 of 3rd period - Stopped by Ondrej Pavelec without a rebound.
8:49 of 3rd period - Tyler Kennedy wins face-off versus Igor Radulov in Manchots zone.
8:56 of 3rd period - Slapshot by Hal Gill.
8:56 of 3rd period - Shot Blocked by Dave Steckel.
8:58 of 3rd period - Slapshot by Wade Belak.
8:58 of 3rd period - Stopped by Steve Valiquette without a rebound.
8:59 of 3rd period - Dave Steckel wins face-off versus Tyler Kennedy in Gangsters zone.
9:04 of 3rd period - Wade Belak is hit by Matt Read.
9:08 of 3rd period - Igor Radulov is hit by Tyler Kennedy.
9:34 of 3rd period - Snap shot by Wade Belak.
9:34 of 3rd period - Shot Blocked by Mike Commodore.
10:02 of 3rd period - Snap shot by Tyler Kennedy.
10:02 of 3rd period - Shot Misses the Net.
10:04 of 3rd period - Slapshot by Matt Corrente.
10:04 of 3rd period - Deflect By Cal Clutterbuck.
10:04 of 3rd period - Stopped by Steve Valiquette with a rebound.
10:06 of 3rd period - Slapshot by Matt Corrente.
10:06 of 3rd period - Shot Misses the Net.
10:08 of 3rd period - Snap shot by Wade Belak.
10:08 of 3rd period - Goal by Wade Belak - Manchots : 4 - Gangsters : 3.
10:09 of 3rd period - Valtteri Filppula wins face-off versus Alexander Radulov in neutral zone.
10:12 of 3rd period - Jamie Benn is hit by Valtteri Filppula and loses puck.
10:23 of 3rd period - Snap shot by Jaroslav Balastik.
10:23 of 3rd period - Shot Misses the Net.
10:25 of 3rd period - Slapshot by Tim Jackman.
10:25 of 3rd period - Stopped by Ondrej Pavelec with a rebound.
10:56 of 3rd period - Slapshot by Staffan Kronwall.
10:56 of 3rd period - Deflect By Artem Anisimov.
10:56 of 3rd period - Shot Misses the Net.
10:56 of 3rd period - Puck is out of play.
10:57 of 3rd period - Artem Anisimov wins face-off versus Denis Arkhipov in Manchots zone.
11:02 of 3rd period - Slapshot by Artem Anisimov.
11:02 of 3rd period - Shot Misses the Net.
11:04 of 3rd period - Slapshot by Mikko Lehtonen.
11:04 of 3rd period - Shot Misses the Net.
11:28 of 3rd period - Snap shot by Valtteri Filppula.
11:28 of 3rd period - Stopped by Ondrej Pavelec without a rebound.
11:29 of 3rd period - Valtteri Filppula wins face-off versus Logan Couture in Manchots zone.
11:37 of 3rd period - Minor Penalty to Matt Corrente for Hooking.
11:38 of 3rd period - Denis Arkhipov wins face-off versus Valtteri Filppula in Manchots zone.
11:45 of 3rd period - Wrist shot by Wade Belak.
11:45 of 3rd period - Stopped by Steve Valiquette without a rebound.
11:46 of 3rd period - Denis Arkhipov wins face-off versus Valtteri Filppula in Gangsters zone.
11:51 of 3rd period - Snap shot by Denis Arkhipov.
11:51 of 3rd period - Stopped by Steve Valiquette without a rebound.
11:52 of 3rd period - Valtteri Filppula wins face-off versus Wade Belak in Gangsters zone.
12:40 of 3rd period - Icing by Alexei Emelin.
12:41 of 3rd period - Valtteri Filppula wins face-off versus Denis Arkhipov in Gangsters zone.
12:46 of 3rd period - Slapshot by Alexei Emelin.
12:46 of 3rd period - Stopped by Ondrej Pavelec without a rebound.
12:47 of 3rd period - Denis Arkhipov wins face-off versus Valtteri Filppula in Manchots zone.
13:12 of 3rd period - Snap shot by Valtteri Filppula.
13:12 of 3rd period - Shot Misses the Net.
13:24 of 3rd period - Snap shot by Valtteri Filppula.
13:24 of 3rd period - Stopped by Ondrej Pavelec with a rebound.
13:37 of 3rd period - Penalty to Matt Corrente is over, Matt Corrente is back on ice.
14:10 of 3rd period - Off-side.
14:11 of 3rd period - Artem Anisimov wins face-off versus Logan Couture in neutral zone.
14:16 of 3rd period - Slapshot by Cory Murphy.
14:16 of 3rd period - Shot Misses the Net.
14:26 of 3rd period - Snap shot by Alexander Radulov.
14:26 of 3rd period - Shot Blocked by Cory Murphy.
14:36 of 3rd period - Bobby Butler is hit by Staffan Kronwall and loses puck.
15:26 of 3rd period - Icing by Jim Vandermeer.
15:27 of 3rd period - Martin Hanzal wins face-off versus Valtteri Filppula in Gangsters zone.
15:30 of 3rd period - Snap shot by Martin Hanzal.
15:30 of 3rd period - Goal by Martin Hanzal - Manchots : 5 - Gangsters : 3.
15:31 of 3rd period - Logan Couture wins face-off versus Valtteri Filppula in neutral zone.
16:27 of 3rd period - Snap shot by Spencer Machacek.
16:27 of 3rd period - Stopped by Steve Valiquette without a rebound.
16:28 of 3rd period - Byron Ritchie wins face-off versus Eric Tangradi in Gangsters zone.
16:43 of 3rd period - Wrist shot by Spencer Machacek.
16:43 of 3rd period - Shot Misses the Net.
16:53 of 3rd period - Slapshot by Denis Arkhipov.
16:53 of 3rd period - Shot Blocked by Alexei Emelin.
16:55 of 3rd period - Backhand shot by Denis Arkhipov.
16:55 of 3rd period - Stopped by Steve Valiquette without a rebound.
16:56 of 3rd period - Valtteri Filppula wins face-off versus Alexander Radulov in Gangsters zone.
17:21 of 3rd period - Tim Jackman is hit by Pernell Karl Subban and loses puck.
17:26 of 3rd period - Wrist shot by Petr Sykora.
17:26 of 3rd period - Shot Blocked by Ville Koistinen.
17:52 of 3rd period - Snap shot by Spencer Machacek.
17:52 of 3rd period - Stopped by Steve Valiquette with a rebound.
17:54 of 3rd period - Slapshot by Richard Petiot.
17:54 of 3rd period - Stopped by Steve Valiquette without a rebound.
17:55 of 3rd period - Logan Couture wins face-off versus Byron Ritchie in Gangsters zone.
18:13 of 3rd period - Icing by Alexander Radulov.
18:14 of 3rd period - Artem Anisimov wins face-off versus Logan Couture in Manchots zone.
18:15 of 3rd period - Slapshot by Cory Murphy.
18:15 of 3rd period - Stopped by Ondrej Pavelec with a rebound.
18:21 of 3rd period - Richard Petiot is hit by Staffan Kronwall and loses puck.
19:12 of 3rd period - Snap shot by Wade Belak.
19:12 of 3rd period - Goal by Wade Belak - Manchots : 6 - Gangsters : 3.
19:13 of 3rd period - Martin Hanzal wins face-off versus Valtteri Filppula in neutral zone.
19:15 of 3rd period - Minor Penalty to Pernell Karl Subban for Tripping.
19:16 of 3rd period - Denis Arkhipov wins face-off versus Valtteri Filppula in Manchots zone.
19:25 of 3rd period - Valtteri Filppula is hit by Wade Belak.
19:41 of 3rd period - Denis Arkhipov is hit by Matt Read and loses puck.
19:48 of 3rd period - Wrist shot by Igor Radulov.
19:48 of 3rd period - Deflect By Dave Steckel.
19:48 of 3rd period - Stopped by Ondrej Pavelec without a rebound.
19:49 of 3rd period - Valtteri Filppula wins face-off versus Denis Arkhipov in Manchots zone.
Output by the SimonT Hockey Simulator (STHS) for François Prévost -- Original Page W3C XHTML 1.0 Valid